AoeStats
← =74= George

Arabia

508798918Analyzed
3v3 RM · 7d ago on Sep 24, 2026· 56m 21s· 6 players
Game mode
Random Map
Map size
Normal (6 player)
Population
200
Speed
Normal
Resources
Standard
Victory
Conquest
Starting age
Dark Age
Ending age
Imperial Age
RankedLock teamsTeams togetherTeam positionsShared explorationLock speedFull tech treeHidden civsTurbo modeCheats
Victory
Defeat
🇺🇸 Varangians · United States
1141
+11
🇨🇴 Ethiopians · Colombia
1127
+12
🇵🇪 Inca · Peru
1049
+15
🇺🇸 Danes · United States
1097
-15
🇺🇸 Varangians · United States
1042
-13
🇨🇦 Ethiopians · Canada
955
-10
007
6:48 Loom
9:24 Feudal Age
9:58 Double-Bit Axe
14:08 Arson
14:11 Man-at-Arms
15:31 Scale Mail Armor
17:20 Fletching
20:42 Castle Age
20:35 Padded Archer Armor
20:48 Forging
21:48 Gambesons
22:48 Leather Archer Armor
25:21 Squires
27:17 Bodkin Arrow
29:01 Chain Mail Armor
28:13 Elite Skirmisher
32:53 Horse Collar
34:30 Town Watch
38:55 Wheelbarrow
41:01 Masonry
42:17 Ballistics
41:55 Murder Holes
43:33 Hand Cart
46:49 Imperial Age
46:05 Iron Casting
44:55 Pikeman
47:58 Conscription
48:01 Elite Varangian Guard
=74= George
10:19 Feudal Age
8:35 Loom
11:02 Double-Bit Axe
10:58 Horse Collar
19:33 Castle Age
24:37 Fletching
25:13 Squires
26:06 Bodkin Arrow
27:19 Thumb Ring
26:40 Crossbowman
28:00 Bow Saw
28:41 Padded Archer Armor
40:28 Ballistics
50:12 Imperial Age
50:19 Arbalester
51:06 Bracer
51:21 Leather Archer Armor
55:12 Halberdier
TurboCesar
6:55 Loom
7:53 Loom
10:23 Feudal Age
12:08 Double-Bit Axe
20:17 Castle Age
22:16 Pikeman
24:46 Wheelbarrow
24:25 Bow Saw
24:36 Horse Collar
34:15 Bloodlines
37:48 Hand Cart
RickySuSo
9:00 Loom
11:23 Feudal Age
13:18 Bloodlines
13:25 Double-Bit Axe
17:01 Horse Collar
18:55 Scale Barding Armor
19:30 Forging
24:46 Castle Age
25:20 Gold Mining
26:17 Squires
26:55 Wheelbarrow
26:22 Town Watch
28:24 Scale Mail Armor
28:59 Iron Casting
31:36 Chain Barding Armor
31:07 Fletching
31:47 Husbandry
33:46 Hand Cart
38:43 Heavy Plow
40:16 Gambesons
44:56 Imperial Age
44:03 Vendel Legacy
46:20 Town Patrol
47:20 Plate Barding Armor
47:46 Blast Furnace
48:45 Crop Rotation
48:28 Bow Saw
48:10 Stone Mining
49:59 Conscription
50:54 Gambesons
50:54 Arson
50:30 Elite Varangian Guard
50:49 Cavalier
52:38 Chain Mail Armor
55:53 Elite Jarl
57:06 Plate Mail Armor
56:37 Bodkin Arrow
11++
6:41 Loom
10:47 Feudal Age
17:02 Fletching
24:58 Castle Age
22:44 Town Watch
24:13 Padded Archer Armor
25:12 Crossbowman
26:02 Thumb Ring
25:53 Bodkin Arrow
26:14 Leather Archer Armor
28:07 Elite Skirmisher
36:58 Ballistics
37:39 Double-Bit Axe
37:35 Horse Collar
43:47 Imperial Age
43:47 Wheelbarrow
43:13 Town Patrol
43:27 Bow Saw
44:02 Gold Mining
45:04 Murder Holes
45:59 Conscription
47:34 Chemistry
48:22 Ring Archer Armor
47:53 Bracer
48:53 Bracer
53:03 Arbalester
54:47 Forging
56:01 Heavy Plow
NTM.W.ALARCON
7:06 Loom
11:11 Feudal Age
12:13 Double-Bit Axe
15:39 Forging
15:36 Horse Collar
21:29 Castle Age
21:52 Man-at-Arms
23:13 Iron Casting
23:15 Wheelbarrow
23:07 Scale Mail Armor
23:14 Long Swordsman
25:59 Heavy Plow
27:14 Long Swordsman
30:28 Chain Mail Armor
32:00 Fletching
38:32 Gold Mining
41:25 Bodkin Arrow
41:47 Hand Cart
44:02 Imperial Age
44:06 Town Watch
45:17 Gold Shaft Mining
45:09 Conscription
44:58 Royal Heirs
44:23 Two-Handed Swordsman
45:46 Plate Mail Armor
45:47 Elite Shotel Warrior
48:21 Blast Furnace
47:21 Bracer
47:53 Town Patrol
52:39 Bow Saw
51:57 Capped Ram
52:52 Arson
54:47 Stone Mining
57:18 Chemistry
56:24 Siege Engineers
56:41 Ballistics
56:24 Torsion Engines
Connection lost

Rejoining the realm…

Still unreachable

The connection could not be restored.

Session expired

The server has moved on; the page needs a fresh start.